 Dungeon Crawl Stone Soup version 0.18-a0-1372-gd644665 (webtiles) character file.

1079 Kilingo the Skirmisher (level 8, 0/70 HPs)
             Began as a Hill Orc Abyssal Knight on Feb 21, 2016.
             Was a Believer of Lugonu.
             Slain by a black bear (7 damage)
             ... on level 6 of the Dungeon.
             The game lasted 01:21:40 (6371 turns).

Kilingo the Skirmisher (Hill Orc Abyssal Knight)    Turns: 6371, Time: 01:21:40

Health: 0/70       AC: 11    Str: 15      XL:     8   Next: 29%
Magic:  8/11       EV:  9    Int: 12      God:    Lugonu [**....]
Gold:   346        SH:  4    Dex:  9 (12) Spells: 2 memorised, 9 levels left

rFire  + . .     SeeInvis +     a - +1 hand axe
rCold  . . .     Gourm    .     z - +0 scale mail
rNeg   . . .     Faith    .     G - +0 buckler
rPois  .         Spirit   .     E - +2 helmet
rElec  .         Dismiss  .     J - +0 cloak
rCorr  .         Reflect  .     (no gloves)
SustAt .         Harm     .     (no boots)
MR     .....                    (no amulet)
Stlth  ..........               h - ring of protection from fire
                                B - ring of see invisible

@: very slightly contaminated, not resistant to hostile enchantments, extremely
unstealthy
A: no striking features
a: Depart the Abyss, Bend Space, Renounce Religion


You were on level 6 of the Dungeon.
You worshipped Lugonu.
Lugonu was pleased with you.
You were not hungry.

You visited 1 branch of the dungeon, and saw 6 of its levels.
You visited the Abyss 1 time.

You collected 346 gold pieces.

Inventory:

Hand Weapons
 a - a +1 hand axe (weapon)
 O - a +4 quarterstaff of chaos
 Q - a +1 falchion of flaming
Missiles
 t - 27 poisoned needles
Armour
 y - a +0 chain mail
 z - a +0 scale mail (worn)
 E - a +2 helmet (worn)
 G - a +0 buckler (worn)
 J - a +0 cloak (worn)
Jewellery
 h - a ring of protection from fire (right hand)
 o - an uncursed ring of ice
 B - a ring of see invisible (left hand)
 M - a cursed ring of loudness {unknown}
 P - a +2 ring of dexterity {unknown}
Wands
 g - a wand of enslavement (8/24)
Scrolls
 b - 2 scrolls of immolation {unknown}
 e - 7 scrolls of remove curse
 i - 2 scrolls of blinking
 l - a scroll of teleportation
 r - a scroll of recharging {unknown}
 w - a scroll of fear {unknown}
 D - 5 scrolls of magic mapping
 H - a scroll of amnesia {unknown}
 R - a scroll of fog {unknown}
Potions
 d - a potion of magic {unknown}
 f - 2 potions of curing
 m - a potion of heal wounds {unknown}
 n - a potion of resistance {unknown}
 p - a potion of mutation {unknown}
 q - 2 potions of brilliance
 s - 3 potions of might
 x - a potion of beneficial mutation {unknown}
 C - a potion of cure mutation {unknown}
 F - a potion of cancellation {unknown}
 I - 2 potions of lignification {unknown}
 K - 2 potions of agility {unknown}
 N - 2 potions of flight {unknown}
Books
 j - a book of Cantrips

   Spells                             Type                      Level
   a - Corona                         Hexes                        1
   b - Animate Skeleton               Necromancy                   1
   c - Summon Small Mammal            Summoning                    1
   d - Apportation                    Translocation                1
Comestibles
 c - 3 bread rations
 k - 2 beef jerkies
 u - 2 chunks of flesh
 v - 2 meat rations
 A - 2 slices of pizza
 L - a royal jelly


   Skills:
 - Level 5.8 Fighting
 + Level 4.8 Axes
 + Level 5.4 Armour
 - Level 1.0 Dodging
 + Level 4.1 Shields
 - Level 2.3 Spellcasting
 + Level 2.3 Summonings
 - Level 2.2 Necromancy
 - Level 2.6 Invocations


You had 9 spell levels left.
You knew the following spells:

 Your Spells              Type           Power        Failure   Level  Hunger
a - Summon Small Mammal   Summ           #...         41%         1    ##.....
b - Animate Skeleton      Necr           N/A          41%         1    ##.....


Dungeon Overview and Level Annotations

Branches:
Dungeon (6/15)
 Temple: D:4-7

Altars:
Cheibriados
Elyvilon
Fedhas
Makhleb
Okawaru
Xom

Shops:
D:4 (

Annotations:
D:5 M4edhros's ghost, amateur OpMo
D:6 Grinder


Message History

The black bear claws you.
* * * LOW HITPOINT WARNING * * *
The black bear bites you.
* * * LOW HITPOINT WARNING * * *
The black bear misses you. The black bear claws you.
* * * LOW HITPOINT WARNING * * *
Space bends around you!
You blink.
* * * LOW HITPOINT WARNING * * *
You feel slightly more hungry.
The black bear rages.
Casting: Summon Small Mammal
Confirm with . or Enter, or press ? or * to list all spells.
The black bear rages.
Your rat bites the black bear.
The black bear bites your rat!
Your rat dies!
Your rat's corpse disappears in a puff of smoke!
You hit the black bear.
The black bear is almost dead.
The black bear bites you!
You die...

..........####### #.....#
..........# #...# #.....#
.......<..# #...# #....[#
#####'###.###...######.....#
............'...'....)...).#
#############...########)########
............[....................
#############.............#......
.........(..'..h@.........'......
#############...........#.#......
### ####........#........ ..#
#........##....... ..#
###########....... ..#
#######...###... ..# #.
#...##.....##### (.### #..
#...#.8...8.### ..'.. #...
#.............#


You could see a black bear (berserk).

Vanquished Creatures
  Pikel (D:5)
  Eustachio (D:6)
  A sky beast (D:5)
  A wyvern skeleton (D:6)
  A quasit (D:6)
  Crazy Yiuf (D:5)
  An orc priest (D:6)
  A hound (D:5)
  An iguana (D:4)
  An orc wizard (D:6)
  A worker ant zombie (D:6)
  9 adders
  2 oozes
  4 worms
  2 giant geckos
  14 orcs
  8 giant cockroaches
  4 goblins
  5 hobgoblins
  16 jackals
  2 quokkas (D:5)
  11 bats
  4 giant newts
  7 kobolds
  7 rats
106 creatures vanquished.

Vanquished Creatures (collateral kills)
  An adder (D:3)
  A goblin (D:1)
2 creatures vanquished.

Vanquished Creatures (others)
  An orc (D:6)
  A fungus (D:5)
2 creatures vanquished.

Grand Total: 110 creatures vanquished

Notes
Turn   | Place    | Note
--------------------------------------------------------------
     0 | Abyss:1  | Kilingo the Hill Orc Abyssal Knight began the quest for the Orb.
     0 | Abyss:1  | Reached XP level 1. HP: 19/19 MP: 2/2
    46 | Abyss:2  | Noticed a large abomination
   121 | Abyss:4  | Found a corrupted altar of Lugonu.
   124 | Abyss:4  | Found a corrupted altar of Lugonu.
   137 | Abyss:4  | Noticed a large abomination
   138 | Abyss:4  | Noticed a lich
   142 | Abyss:4  | Noticed a raiju
   143 | Abyss:4  | Noticed an ancient zyme
   144 | Abyss:4  | Noticed a raiju
   148 | D:1      | Escaped the Abyss
   385 | D:1      | Reached skill level 4 in Fighting
   385 | D:1      | Reached XP level 2. HP: 22/27 MP: 3/3
   388 | D:1      | Learned a level 1 spell: Summon Small Mammal
   446 | D:1      | Reached skill level 1 in Dodging
   555 | D:1      | Reached * piety under Lugonu
  1054 | D:1      | Reached XP level 3. HP: 33/33 MP: 4/4
  1442 | D:2      | Found a white marble altar of Elyvilon.
  1529 | D:2      | Reached skill level 1 in Summonings
  1698 | D:2      | Reached XP level 4. HP: 35/40 MP: 5/5
  1890 | D:2      | Found a blossoming altar of Fedhas.
  2328 | D:3      | Reached skill level 1 in Spellcasting
  2338 | D:3      | Learned a level 1 spell: Animate Skeleton
  2407 | D:3      | Reached ** piety under Lugonu
  2439 | D:3      | Reached XP level 5. HP: 27/46 MP: 4/6
  2461 | D:3      | Found a snail-covered altar of Cheibriados.
  2464 | D:3      | Found an iron altar of Okawaru.
  2525 | D:3      | Reached skill level 1 in Necromancy
  3397 | D:4      | Found Cothruk's Antique Weapon Shoppe.
  3536 | D:4      | Found a burning altar of Makhleb.
  3837 | D:4      | Reached skill level 1 in Shields
  4320 | D:5      | Entered Level 5 of the Dungeon
  4320 | D:5      | Noticed a sky beast
  4345 | D:5      | Killed a sky beast
  4345 | D:5      | Reached XP level 6. HP: 22/55 MP: 4/7
  4586 | D:5      | Noticed M4edhros's ghost (amateur OpMo)
  4818 | D:5      | Noticed a slave
  4820 | D:5      | Noticed a slave
  4820 | D:5      | Noticed a slave
  4821 | D:5      | Noticed Pikel
  4821 | D:5      | Noticed a slave
  4868 | D:5      | Killed Pikel
  4868 | D:5      | Reached skill level 5 in Fighting
  4868 | D:5      | Reached XP level 7. HP: 27/62 MP: 4/10
  5041 | D:5      | Noticed Crazy Yiuf
  5047 | D:5      | Paralysed by Crazy Yiuf for 3 turns
  5054 | D:5      | Killed Crazy Yiuf
  5219 | D:6      | Found an iron altar of Okawaru.
  5252 | D:6      | Reached skill level 5 in Armour
  5252 | D:6      | Reached XP level 8. HP: 28/70 MP: 9/11
  5354 | D:6      | Noticed Grinder
  5365 | D:6      | Paralysed by Grinder for 4 turns
  5380 | D:6      | Paralysed by Grinder for 6 turns
  5396 | D:6      | Paralysed by Grinder for 2 turns
  5471 | D:6      | Found a shimmering altar of Xom.
  5471 | D:6      | Found a shimmering altar of Xom.
  5471 | D:6      | Found a shimmering altar of Xom.
  5534 | D:6      | Reached *** piety under Lugonu
  5577 | D:6      | Found a shimmering altar of Xom.
  5577 | D:6      | Found a shimmering altar of Xom.
  5577 | D:6      | Found a shimmering altar of Xom.
  5577 | D:6      | Found a shimmering altar of Xom.
  5577 | D:6      | Found a shimmering altar of Xom.
  5577 | D:6      | Found a shimmering altar of Xom.
  5768 | D:6      | Noticed Eustachio
  6258 | D:6      | Killed Eustachio
  6371 | D:6      | Slain by a black bear

Vault maps used:
D:1:      dpeg_arrival_simpleton_c
D:2:      nicolae_overflow_crystal_walls, lemuel_doored_altar, first_bread
D:3:      grunt_temple_overflow_open, hangedman_decor_push
D:4:      old_standard_altar, serial_shops, nicolae_shop_overgrown_old_shop
D:5:      corexii_leaking_fountain, uniq_pikel, uniq_crazy_yiuf_cottage
D:6:      xom_redecorated, basic_altar, wad_floor_pattern_untrapped,
          uniq_grinder, uniq_eustachio
Abyss:2:  evilmike_abyss_exit_plants
Abyss:3:  evilmike_abyss_exit_8, grunt_abyss_exit_deep_breaths,
          evilmike_abyss_exit_chaos
Abyss:4:  kb_abyss_rune_zappy

Action                   |  1- 3 |  4- 6 |  7- 9 || total
-------------------------+-------+-------+-------++-------
Melee: Hand axe          |   122 |   288 |   172 ||   582
 Cast: Summon Small Mamm |     1 |    15 |    23 ||    39
       Animate Skeleton  |       |     1 |       ||     1
Invok: Depart the Abyss  |     1 |       |       ||     1
       Bend Space        |       |       |     1 ||     1
       Banish            |       |       |     1 ||     1
Evoke: Wand              |       |       |     1 ||     1
  Use: Scroll            |       |    10 |     2 ||    12
       Potion            |       |       |     1 ||     1
  Eat: Chunk             |     3 |    10 |     1 ||    14
       Fruit             |       |     2 |     1 ||     3
       Bread ration      |       |       |     1 ||     1
